 Dungeon Crawl Stone Soup version 0.21-a0-356-g45b0a09 (webtiles) character file.

111 Ordine the Carver (level 4, 0/28 HPs)
             Began as a Tengu Fighter on Oct 12, 2017.
             Slain by a goblin
             ... wielding a +0 club
             ... led by Robin
              (4 damage)
             ... on level 2 of the Dungeon.
             The game lasted 00:02:31 (744 turns).

Ordine the Carver (Tengu Fighter)                    Turns: 744, Time: 00:02:32

Health: 0/28       AC:  8    Str: 17    XL:     4   Next: 92%
Magic:  5/5        EV:  7    Int:  9    God:
Gold:   19         SH:  9    Dex: 13    Spells: 3/3 levels left

rFire    . . .     SeeInvis .   a - +0 long sword
rCold    . . .     Gourm    .   c - +0 shield
rNeg     . . .     Faith    .   b - +0 scale mail
rPois    .         Spirit   .   j - +0 hat
rElec    .         Reflect  .   (no cloak)
rCorr    .         Harm     .   h - +0 pair of gloves
MR       .....                  (boots unavailable)
Stlth    ..........             (no amulet)
HPRegen  0.09/turn              (no ring)
MPRegen  0.09/turn              (no ring)

@: no status effects
A: beak, talons 3
a: no special abilities


You were on level 2 of the Dungeon.
You were not hungry.

You visited 1 branch of the dungeon, and saw 2 of its levels.

You collected 19 gold pieces.

Inventory:

Hand Weapons
 a - a +0 long sword (weapon)
Armour
 b - a +0 scale mail (worn)
 c - a +0 shield (worn)
 h - a +0 pair of gloves (worn)
 j - a +0 hat (worn)
 l - a +0 plate armour
Scrolls
 e - a scroll of blinking
 m - 2 scrolls of amnesia
Potions
 d - a potion of might
Comestibles
 f - a bread ration
 g - 2 chunks of flesh
 k - a royal jelly


   Skills:
 - Level 3.0 Fighting
 + Level 11.9 Long Blades
 - Level 3.2 Armour
 - Level 3.0 Shields


You had 3 spell levels left.
You didn't know any spells.

Dungeon Overview and Level Annotations

Branches:
Dungeon (2/15)

Altars:

Annotations:
D:2 Robin


Innate Abilities, Weirdness & Mutations

You have a beak for a mouth.
You have claws for feet.


Message History

You block the goblin's attack. The goblin hits you with a club.
You hit the hobgoblin. Your kick misses the hobgoblin. You peck the hobgoblin.
The hobgoblin is heavily wounded.
The hobgoblin hits you with a club! The goblin hits you with a club.
* * * LOW HITPOINT WARNING * * *
The hobgoblin hits you but does no damage.
You are too injured to fight recklessly!
You are too injured to fight recklessly!
You are too injured to fight recklessly!
It was a potion of experience.
You feel more experienced!
Your Long Blades skill gained 7 levels and is now at level 11!
You have reached level 4!
You feel clever.
Robin says, "My army is invincible!"
The goblin hits you with a club.
* * * LOW HITPOINT WARNING * * *
Unknown command.
The goblin hits you with a club.
You die...

#.# #.# ##### #
#.# ##...## #
#.#####.####.###.#
#..............#.#
#
#.#####..###.#.#.#
# ... #..# ##...##
# ###.##g.#####.##
# #..g)g@.#.....#
# #....###.#.#####
# #..... #.#.# #
....... ..#.# #
#...... ###.#
....... #.# #
#...... #.# .
##..... #.# #.# #
#.# #.# #


You could see Robin, a hobgoblin and a goblin.

Vanquished Creatures
  An ooze (D:1)
  A worm (D:2)
  2 dart slugs
  2 leopard geckos (D:1)
  9 goblins
  6 hobgoblins
  6 jackals (D:1)
  2 frilled lizards (D:2)
  3 kobolds
  4 rats (D:1)
36 creatures vanquished.

Notes
Turn   | Place    | Note
-------+----------+-------------------------------------------
     0 | D:1      | Ordine the Tengu Fighter began the quest for the Orb.
     0 | D:1      | Reached XP level 1. HP: 14/14 MP: 2/2
    64 | D:1      | Reached XP level 2. HP: 11/19 MP: 3/3
   119 | D:1      | Reached skill level 3 in Long Blades
   221 | D:1      | Reached XP level 3. HP: 16/23 MP: 4/4
   386 | D:1      | Reached skill level 4 in Long Blades
   728 | D:2      | Noticed Robin
   743 | D:2      | Reached skill level 11 in Long Blades
   743 | D:2      | Reached XP level 4. HP: 8/28 MP: 5/5
   744 | D:2      | Slain by a goblin

Vault maps used:
D:1:      minmay_arrival_solitary_statue
D:2:      overflow_temple_1_default, nicolae_overflow_hidden_temple, uniq_robin

Skill      XL: |  1  2  3 |
---------------+----------+-----
Long Blades    | 3 11 | 11.9
Fighting       | |  3.0
Armour         | |  3.2
Shields        | |  3.0

Action                   |  1- 3 |  4- 6 || total
-------------------------+-------+-------++-------
Melee: Long sword        |    65 |       ||    65
       Kick              |    16 |       ||    16
       Peck              |     7 |       ||     7
  Use: Scroll            |     3 |       ||     3
       Potion            |     1 |       ||     1
Armor: Scale mail        |    30 |       ||    30
Dodge: Dodged            |    16 |       ||    16
Block: Shield            |    31 |       ||    31
       Rpst.: Long sword |     5 |       ||     5

Table legend:
 A = Spawn XP
 B = Non-spawn XP
 C = Spawn XP percentage of total XP
 D = Spawn monster count
 E = Non-spawn monster count
 F = Spawn count percentage of total count
 G = Total turns spent on level
                    A         B        C        D         E        F      G
               +---------+---------+-------+---------+---------+-------+---------
         Total |       0 |      79 |   0.0 |       0 |      36 |   0.0 |   744
               +---------+---------+-------+---------+---------+-------+---------
           D:1 |       0 |      46 |   0.0 |       0 |      21 |   0.0 |   584
           D:2 |       0 |      33 |   0.0 |       0 |      15 |   0.0 |   160
               +---------+---------+-------+---------+---------+-------+---------
